 Dungeon Crawl Stone Soup version 0.23.2 (webtiles) character file.

Game seed: 9136799112307361758

6170 Kairos the Cruncher (level 11, 0/83 HPs)
             Began as a Formicid Abyssal Knight on Apr 9, 2019.
             Was a High Priest of Lugonu.
             Slain by a troll (5 damage)
             ... on level 9 of the Dungeon.
             The game lasted 00:21:50 (11105 turns).

Kairos the Cruncher (Formicid Abyssal Knight)      Turns: 11105, Time: 00:21:51

Health: 0/83       AC: 14    Str: 21    XL:     11   Next: 13%
Magic:  12/12      EV:  7    Int: 13    God:    Lugonu [*****.]
Gold:   738        SH:  8    Dex: 10    Spells: 2/10 levels left

rFire    . . .     SeeInvis +   i - +2 quarterstaff
rCold    . . .     Gourm    .   K - +0 buckler
rNeg     . . .     Faith    .   k - +0 plate armour
rPois    +         Spirit   .   (helmet unavailable)
rElec    .         Reflect  +   (no cloak)
rCorr    .         Harm     .   b - +0 pair of gloves
MR       +....                  (no boots)
Stlth    ..........             l - +4 amulet of reflection
HPRegen  0.23/turn              d - +2 ring of strength
MPRegen  0.13/turn              r - ring of poison resistance

@: no status effects
A: permanent stasis, dig shafts and tunnels, four strong arms, antennae 3
a: Dig, Shaft Self, Depart the Abyss, Bend Space, Banish, Corrupt, Enter the
Abyss, Renounce Religion


You were on level 9 of the Dungeon.
You worshipped Lugonu.
Lugonu was extremely pleased with you.
You were not hungry.

You visited 1 branch of the dungeon, and saw 9 of its levels.
You visited the Abyss 1 time.
You also visited: Ossuary.

You collected 752 gold pieces.
You spent 14 gold pieces at shops.

Inventory:

Hand Weapons
 a - a +1 spear
 i - a +2 quarterstaff (weapon)
 x - the +1 war axe of Ariff {freeze, Str+3 Int+4 Stlth+}
   (You found it on level 9 of the Dungeon)

   It has been specially enchanted to freeze those struck by it, causing extra
   injury to most foes and up to half again as much damage against particularly
   susceptible opponents.
   It can also slow down cold-blooded creatures.
   It affects your strength (+3).
   It affects your intelligence (+4).
   It makes you more stealthy.
 D - a +3 trident
 E - a +0 halberd of chopping
Armour
 b - a +0 pair of gloves (worn)
 k - a +0 plate armour (worn)
 K - a +0 buckler (worn)
Jewellery
 d - a +2 ring of strength (left hand)
 h - an uncursed ring of fire
 l - a +4 amulet of reflection (around neck)
 r - a ring of poison resistance (right hand)
 C - a +3 ring of intelligence
Wands
 q - a wand of acid (9)
 t - a wand of digging (4)
 u - a wand of scattershot (8)
 G - a wand of enslavement (10)
Scrolls
 e - 4 scrolls of remove curse
 j - 7 scrolls of immolation
 m - 2 scrolls of enchant weapon
 o - 2 scrolls of amnesia
 w - a scroll of fear
 y - 3 scrolls of magic mapping
 F - a scroll of blinking {unknown}
 I - a scroll of random uselessness {unknown}
 J - a scroll of fog
Potions
 g - 2 potions of curing
 n - a potion of resistance
 p - a potion of flight
 s - 3 potions of lignification
 v - a potion of cancellation
 z - a potion of brilliance
 B - a potion of invisibility
 H - a potion of agility
Comestibles
 c - 12 rations


   Skills:
 + Level 6.9 Fighting
 + Level 0.1(1.2) Axes
 - Level 2.1(8.5) Polearms
 * Level 12.6 Staves
 + Level 7.7 Armour
 + Level 2.3 Dodging
 + Level 0.3 Stealth
 + Level 2.1 Shields
 + Level 2.5 Invocations


You had 2 spell levels left.
You knew the following spells:

 Your Spells              Type           Power        Failure   Level  Hunger
a - Confuse               Hex            #.......     100%        3    ####...
b - Metabolic Englaciati  Hex/Ice        #.........   100%        5    ######.

Your spell library contained the following spells:

 Spells                   Type           Power        Failure   Level  Hunger
 Confusing Touch          Hex            #.....       99%         1    ##.....
 Corona                   Hex            #......      99%         1    ##.....
 Magic Dart               Conj           #...         99%         1    ##.....
 Call Imp                 Summ           #.......     100%        2    ###....
 Ensorcelled Hibernation  Hex/Ice        #.....       100%        2    ###....
 Slow                     Hex            #.......     100%        2    ###....
 Conjure Flame            Conj/Fire      #.......     100%        3    ####...
 Dazzling Spray           Conj/Hex       #.....       100%        3    ####...
 Gell's Gravitas          Tloc           #.........   100%        3    ####...
 Mephitic Cloud           Conj/Pois/Air  #.......     100%        3    ####...
 Tukima's Dance           Hex            #.......     100%        3    ####...
 Petrify                  Tmut/Erth      #.......     100%        4    #####..
 Yara's Violent Unravell  Hex/Tmut       #.........   100%        5    ######.
 Blink                    Tloc           Unusable     N/A         2    N/A

Dungeon Overview and Level Annotations

Branches:
Dungeon (9/15)             Temple (0/1) D:7
   Lair: D:8-11         Orc: D:9-12

Altars:
Ashenzari
Dithmenos
Elyvilon
Fedhas
Makhleb
Okawaru
Qazlal
Trog
Vehumet
Wu Jian
Beogh

Shops:
D:6 ?


Innate Abilities, Weirdness & Mutations

You cannot be hasted, slowed, berserked, paralysed or teleported.
You can dig through walls and to a lower floor.
Your four strong arms can wield two-handed weapons with a shield.
You have a pair of large antennae on your head. (SInv)


Message History

The wolf stops to sniff the ground.
The wolf bites you!
* * * LOW HITPOINT WARNING * * *
The wolf bites you but does no damage. The wolf bites you.
* * * LOW HITPOINT WARNING * * *
The wolf bites you!
* * * LOW HITPOINT WARNING * * *
You block the wolf's attack. The wolf bites you!
* * * LOW HITPOINT WARNING * * *
You block the wolf's attack.
You hit the wolf.
The wolf is heavily wounded.
The wolf bites you but does no damage.
You sock the wolf!
You kill the wolf!
Lugonu accepts your kill. You block the troll's attack. The troll claws you.
You die...

....#.......#...........#
≈...#.......#..#######..#
≈...'.......#..#.....#..#
.≈..#.......#..#.....#..#
..{.#.......#..#.....#..#
≈≈≈.#.......#..#.....#..#
≈≈≈.#......†#..#.....#..#
≈≈≈.#.......#..##'####..#
≈≈≈.#.......#..T@.......#
≈≈≈.#.......'.#####.....#
≈≈{ #.......#.# #.....#
≈≈..#.......#.# #....(#
≈...#.......#.# #...).#
≈...#########.# #.....#
.)............# #.....#
..............#####.#####
≈.................(.#


You could see a troll.

Vanquished Creatures
  Pikel (D:4)
  Grinder (D:5)
  A wraith (D:5)
  A spriggan (D:7)
  5 yaks (D:6)
  A hungry ghost (D:7)
  4 orc warriors (D:8)
  3 ice beasts
  A phantom (D:4)
  A sky beast (D:9)
  An ogre (D:4)
  5 wolves (D:9)
  3 centaurs
  Blork the orc (D:4)
  7 bullfrogs
  A gnoll sergeant (D:8)
  9 killer bees (D:9)
  A howler monkey (D:9)
  3 crimson imps
  A centaur zombie (D:6)
  A bullfrog zombie (D:5)
  A human zombie (Ossuary)
  A quasit (D:6)
  A bullfrog skeleton (D:7)
  A jelly (D:8)
  10 hounds
  6 orc wizards
  6 orc priests
  4 iguanas
  A centaur skeleton (D:4)
  4 worker ants
  A big kobold zombie (Ossuary)
  2 hound zombies
  A hound skeleton (D:6)
  4 mummies (Ossuary)
  A worker ant zombie (D:8)
  Robin (D:4)
  16 gnolls
  12 adders
  2 shadow imps
  An ooze (D:4)
  3 worms
  2 dart slugs
  5 leopard geckos
  57 orcs
  2 ball pythons
  6 bats
  5 giant cockroaches
  13 goblins
  14 hobgoblins
  15 jackals
  A quokka (D:3)
  6 frilled lizards
  4 gnoll zombies (Ossuary)
  3 goblin zombies (Ossuary)
  A jackal skeleton (D:4)
  3 kobolds
  2 orc zombies (Ossuary)
  6 rats
276 creatures vanquished.

Vanquished Creatures (others)
  A giant cockroach (D:5)
  A plant (D:7)
2 creatures vanquished.

Grand Total: 278 creatures vanquished

Notes
Turn   | Place    | Note
-------+----------+-------------------------------------------
     0 | Abyss:1  | Kairos the Formicid Abyssal Knight began the quest for the
                  | Orb.
     0 | Abyss:1  | Reached XP level 1. HP: 18/18 MP: 2/2
     0 | Abyss:1  | Found a corrupted altar of Lugonu.
    38 | Abyss:2  | Found a shimmering altar of Xom.
   102 | Abyss:2  | Found a corrupted altar of Lugonu.
   107 | Abyss:2  | Noticed an ancient zyme
   109 | Abyss:2  | Noticed a raiju
   123 | D:1      | Escaped the Abyss
   183 | D:1      | Reached XP level 2. HP: 18/24 MP: 3/3
   373 | D:1      | Reached * piety under Lugonu
   426 | D:1      | Reached skill level 1 in Dodging
   432 | D:1      | Reached XP level 3. HP: 21/30 MP: 4/4
  1207 | D:2      | Reached skill level 1 in Staves
  1227 | D:2      | Reached XP level 4. HP: 21/37 MP: 5/5
  1846 | D:2      | Reached skill level 2 in Staves
  2431 | D:3      | Reached XP level 5. HP: 36/42 MP: 6/6
  3046 | D:3      | Found a shadowy altar of Dithmenos.
  3201 | D:3      | Found a shattered altar of Ashenzari.
  3316 | D:3      | Reached skill level 3 in Staves
  3728 | D:4      | Reached ** piety under Lugonu
  3762 | D:4      | Reached XP level 6. HP: 35/48 MP: 7/7
  3778 | D:4      | Reached skill level 4 in Staves
  3792 | D:4      | Found a sand-covered staircase.
  3927 | Ossuary  | Entered an ossuary
  4579 | D:4      | Reached XP level 7. HP: 50/55 MP: 8/8
  4751 | D:4      | Reached skill level 5 in Staves
  4854 | D:4      | Noticed Robin
  4896 | D:4      | Killed Robin
  5181 | D:4      | Reached *** piety under Lugonu
  5420 | D:4      | Noticed Pikel
  5451 | D:4      | Reached skill level 6 in Staves
  5613 | D:4      | Killed Pikel
  5613 | D:4      | Reached skill level 5 in Fighting
  5613 | D:4      | Reached skill level 7 in Staves
  5613 | D:4      | Reached XP level 8. HP: 43/62 MP: 9/9
  5718 | D:4      | Noticed Blork the orc
  5730 | D:4      | Killed Blork the orc
  5965 | D:5      | Entered Level 5 of the Dungeon
  5994 | D:5      | Reached skill level 8 in Staves
  6021 | D:5      | Noticed Grinder
  6047 | D:5      | Killed Grinder
  6047 | D:5      | Reached XP level 9. HP: 64/68 MP: 10/10
  6221 | D:5      | Found a white marble altar of Elyvilon.
  6294 | D:5      | Reached skill level 9 in Staves
  6532 | D:5      | Reached skill level 5 in Armour
  6557 | D:6      | Found a bloodstained altar of Trog.
  6682 | D:6      | Found a shadowy altar of Dithmenos.
  6744 | D:6      | Learned a level 3 spell: Confuse
  6750 | D:6      | Learned a level 5 spell: Metabolic Englaciation
  6908 | D:6      | Found an iron altar of Okawaru.
  6909 | D:6      | Found a stormy altar of Qazlal.
  7021 | D:6      | Found Plog's Magic Scroll Emporium.
  7040 | D:6      | Found a blossoming altar of Fedhas.
  7086 | D:6      | Bought a scroll of noise for 14 gold pieces
  7169 | D:6      | Reached skill level 10 in Staves
  7177 | D:6      | Reached **** piety under Lugonu
  7191 | D:6      | Reached XP level 10. HP: 35/76 MP: 11/11
  7471 | D:7      | Reached skill level 11 in Staves
  7636 | D:7      | Found a staircase to the Ecumenical Temple.
  7908 | D:7      | Found a burning altar of Makhleb.
  7908 | D:7      | Found a radiant altar of Vehumet.
  7990 | D:7      | Found an ornate altar of the Wu Jian Council.
  8969 | D:8      | Reached skill level 12 in Staves
  9143 | D:8      | Reached ***** piety under Lugonu
  9484 | D:8      | Found a roughly hewn altar of Beogh.
  9554 | D:9      | Got a polished war axe
  9555 | D:9      | Identified the cursed +1 war axe of Ariff {freeze, Str+3
                  | Int+4 Stlth+} (You found it on level 9 of the Dungeon)
  9583 | D:9      | Reached skill level 1 in Shields
 10127 | D:9      | Reached XP level 11. HP: 80/83 MP: 12/12
 10415 | D:9      | HP: 2/83 [killer bee (3)]
 10421 | D:9      | HP: 3/83 [killer bee (5)]
 11105 | D:9      | Slain by a troll

Skill      XL: |  1  2  3  4  5  6  7  8  9 10 11 |
---------------+----------------------------------+-----
Dodging        | 1 2 |  2.3
Staves         | 1 2 3 4 7 8 10 12 | 12.6
Fighting       | 4 5 6 |  6.9
Armour         | 3 4 6 7 |  7.7
Shields        | 1 2 |  2.1
Axes           | |  0.1
Polearms       | |  2.1
Stealth        | |  0.3
Invocations    | |  2.5

Action                   |  1- 3 |  4- 6 |  7- 9 | 10-12 || total
-------------------------+-------+-------+-------+-------++-------
Melee: Quarterstaff      |    92 |   261 |   421 |   551 ||  1325
       War axe           |       |       |       |    16 ||    16
Invok: Depart the Abyss  |     1 |       |       |       ||     1
       Bend Space        |       |       |     1 |       ||     1
 Abil: Dig               |       |     2 |     2 |     3 ||     7
Evoke: Wand              |       |     1 |       |     6 ||     7
  Use: Potion            |     1 |     3 |       |     3 ||     7
       Scroll            |     6 |     6 |     7 |     9 ||    28
 Stab: Sleeping          |       |     1 |       |       ||     1
  Eat: Chunk             |     1 |    10 |     6 |    16 ||    33
       Ration            |       |       |     1 |     1 ||     2
Armor: Leather armour    |    23 |     1 |       |       ||    24
       Ring mail         |       |    10 |       |       ||    10
       Plate armour      |       |   104 |   258 |   275 ||   637
       Skin              |       |   192 |       |       ||   192
Dodge: Dodged            |    52 |    98 |   144 |   162 ||   456
Block: Other             |       |    68 |    92 |    23 ||   183
       Reflection        |       |     2 |       |     2 ||     4
       Buckler           |       |       |       |   117 ||   117
